 Dungeon Crawl Stone Soup version 0.22-a0-160-gcc81d7a (webtiles) character file.

106 Azzok the Sneak (level 4, 0/32 HPs)
             Began as a Gnoll Enchanter on Feb 10, 2018.
             Succumbed to an orc wizard's poison
             ... on level 2 of the Dungeon.
             The game lasted 00:03:43 (2117 turns).

Azzok the Sneak (Gnoll Enchanter)                   Turns: 2117, Time: 00:03:44

Health: 0/32       AC:  2    Str: 11    XL:     4   Next: 84%
Magic:  2/11       EV: 15    Int: 18    God:
Gold:   55         SH:  0    Dex: 15    Spells: 7/13 levels left

rFire    . . .     SeeInvis .   a - +1 dagger
rCold    . . .     Gourm    .   (no shield)
rNeg     . . .     Faith    .   b - +0 robe
rPois    .         Spirit   .   (no helmet)
rElec    .         Reflect  .   (no cloak)
rCorr    .         Harm     .   (no gloves)
MR       .....                  (no boots)
Stlth    +++.......             (no amulet)
HPRegen  0.10/turn              (no ring)
MPRegen  0.12/turn              (no ring)

@: lethally poisoned (0 -> -13), slowed, very slow
A: distributed training, fangs 1, strong nose
a: no special abilities


You were on level 2 of the Dungeon.
You were near starving.

You visited 1 branch of the dungeon, and saw 2 of its levels.

You collected 55 gold pieces.

Inventory:

Hand Weapons
 a - a +1 dagger (weapon)
Armour
 b - a +0 robe (worn)
Scrolls
 g - a scroll of enchant armour {unknown}
 k - a scroll of enchant weapon {unknown}
 l - a scroll of identify {unknown}
Potions
 e - 2 potions of curing {unknown}
 f - a potion of ambrosia {unknown}
 h - a potion of resistance {unknown}
 i - a potion of flight {unknown}
 j - 2 potions of lignification {unknown}
Books
 c - a book of Maledictions

   Spells                             Type                      Level
   a - Corona                         Hexes                        1
   b - Ensorcelled Hibernation        Hexes/Ice                    2
   c - Confuse                        Hexes                        3
   d - Tukima's Dance                 Hexes                        3
   e - Dazzling Spray                 Conjuration/Hexes            3
Comestibles
 d - 2 rations


   Skills:
 + Level 1.2 Fighting
 + Level 2.8 Short Blades
 + Level 1.2 Long Blades
 + Level 1.2 Axes
 + Level 1.2 Maces & Flails
 + Level 1.2 Polearms
 + Level 1.2 Staves
 + Level 1.2 Slings
 + Level 1.2 Bows
 + Level 1.2 Crossbows
 + Level 1.2 Throwing
 + Level 1.2 Armour
 + Level 4.7 Dodging
 + Level 6.1 Stealth
 + Level 1.2 Shields
 + Level 1.2 Unarmed Combat
 + Level 5.1 Spellcasting
 + Level 1.0 Conjurations
 + Level 5.5 Hexes
 + Level 1.0 Charms
 + Level 1.0 Summonings
 + Level 1.0 Necromancy
 + Level 1.0 Translocations
 + Level 1.0 Transmutations
 + Level 1.0 Fire Magic
 + Level 1.0 Ice Magic
 + Level 1.0 Air Magic
 + Level 1.0 Earth Magic
 + Level 1.0 Poison Magic
 + Level 1.3 Invocations
 + Level 1.2 Evocations


You had 7 spell levels left.
You knew the following spells:

 Your Spells              Type           Power        Failure   Level  Hunger
a - Corona                Hex            ###....      1%          1    None
b - Ensorcelled Hibernat  Hex/Ice        ###...       5%          2    #......
c - Confuse               Hex            ###.....     4%          3    ##.....


Dungeon Overview and Level Annotations

Branches:
Dungeon (2/15)

Altars:
Cheibriados


Innate Abilities, Weirdness & Mutations

Your experience applies equally to all skills.
You have very sharp teeth.
Your uncanny sense of smell can sniff out nearby items.


Message History

The orc wizard points at you and mumbles some strange words.
You resist with some effort.
Casting: Ensorcelled Hibernation (safe; 5% risk of failure)
Confirm with . or Enter, or press ? or * to list all spells.
You don't have enough magic to cast that spell.
You hit the orc wizard.
The orc wizard is lightly wounded.
You feel sick. The orc wizard hits you with a dagger.
The orc wizard points at you and mumbles some strange words.
The magic dart hits you!
* * * LOW HITPOINT WARNING * * *
You completely miss the orc wizard.
The orc wizard is lightly wounded.
* * * LOW HITPOINT WARNING * * *
You feel sick. The orc wizard hits you with a dagger.
* * * LOW HITPOINT WARNING * * *
The orc wizard misses you.
You hit the orc wizard.
The orc wizard is moderately wounded.
You die...

▒· ▒·▒▒ ▒·▒· ▒·▒· ▒ ▒·▒·
▒· ▒·▒·
▒·▒▒▒▒▒▒▒▒▒▒▒▒▒▒▒·▒·
▒▒▒▒▒·o)················
······)@o·············▒▒
▒▒▒▒▒·▒▒▒▒▒▒▒▒▒▒▒▒▒·▒▒▒
▒ ▒▒▒


You could see 2 orc wizards.

Vanquished Creatures
  An orc priest (D:2)
  An orc wizard (D:2)
  An adder (D:2)
  A worm (D:2)
  3 dart slugs
  2 giant cockroaches
  3 goblins
  7 hobgoblins
  A ball python (D:2)
  5 bats
  2 frilled lizards
  4 kobolds
  5 rats
36 creatures vanquished.

Notes
Turn   | Place    | Note
-------+----------+-------------------------------------------
     0 | D:1      | Azzok the Gnoll Enchanter began the quest for the Orb.
     0 | D:1      | Reached XP level 1. HP: 13/13 MP: 6/6
   475 | D:1      | Reached XP level 2. HP: 19/19 MP: 7/7
   755 | D:1      | Learned a level 2 spell: Ensorcelled Hibernation
   986 | D:1      | Reached XP level 3. HP: 15/25 MP: 9/9
  1104 | D:1      | Learned a level 3 spell: Confuse
  1321 | D:2      | Reached skill level 5 in Spellcasting
  1431 | D:2      | Found a snail-covered altar of Cheibriados.
  1578 | D:2      | Reached skill level 6 in Stealth
  1767 | D:2      | Reached skill level 1 in Invocations
  2101 | D:2      | Reached skill level 1 in Fighting
  2101 | D:2      | Reached skill level 1 in Long Blades
  2101 | D:2      | Reached skill level 1 in Axes
  2101 | D:2      | Reached skill level 1 in Maces & Flails
  2101 | D:2      | Reached skill level 1 in Polearms
  2101 | D:2      | Reached skill level 1 in Staves
  2101 | D:2      | Reached skill level 1 in Slings
  2101 | D:2      | Reached skill level 1 in Bows
  2101 | D:2      | Reached skill level 1 in Crossbows
  2101 | D:2      | Reached skill level 1 in Throwing
  2101 | D:2      | Reached skill level 1 in Armour
  2101 | D:2      | Reached skill level 1 in Shields
  2101 | D:2      | Reached skill level 1 in Unarmed Combat
  2101 | D:2      | Reached skill level 1 in Evocations
  2112 | D:2      | Reached XP level 4. HP: 26/32 MP: 3/11
  2114 | D:2      | Reached skill level 1 in Conjurations
  2114 | D:2      | Reached skill level 1 in Charms
  2114 | D:2      | Reached skill level 1 in Summonings
  2114 | D:2      | Reached skill level 1 in Necromancy
  2114 | D:2      | Reached skill level 1 in Translocations
  2114 | D:2      | Reached skill level 1 in Transmutations
  2114 | D:2      | Reached skill level 1 in Fire Magic
  2114 | D:2      | Reached skill level 1 in Ice Magic
  2114 | D:2      | Reached skill level 1 in Air Magic
  2114 | D:2      | Reached skill level 1 in Earth Magic
  2114 | D:2      | Reached skill level 1 in Poison Magic
  2117 | D:2      | Succumbed to an orc wizard's poison

Vault maps used:
D:1:      onia_arrival_mini_maze, minmay_strange_pillars, nrook_mini_vaults,
          minivault_4
D:2:      kennysheep_slug_shrine

Skill      XL: |  1  2  3  4 |
---------------+-------------+-----
Spellcasting   | 5 |  5.1
Stealth        | 6 |  6.1
Invocations    | 1 |  1.3
Fighting       | 1 |  1.2
Long Blades    | 1 |  1.2
Axes           | 1 |  1.2
Maces & Flails | 1 |  1.2
Polearms       | 1 |  1.2
Staves         | 1 |  1.2
Slings         | 1 |  1.2
Bows           | 1 |  1.2
Crossbows      | 1 |  1.2
Throwing       | 1 |  1.2
Armour         | 1 |  1.2
Shields        | 1 |  1.2
Unarmed Combat | 1 |  1.2
Evocations     | 1 |  1.2
Conjurations   | 1 |  1.0
Charms         | 1 |  1.0
Summonings     | 1 |  1.0
Necromancy     | 1 |  1.0
Translocations | 1 |  1.0
Transmutations | 1 |  1.0
Fire Magic     | 1 |  1.0
Ice Magic      | 1 |  1.0
Air Magic      | 1 |  1.0
Earth Magic    | 1 |  1.0
Poison Magic   | 1 |  1.0
Short Blades   | |  2.8
Dodging        | |  4.7
Hexes          | |  5.5

Action                   |  1- 3 |  4- 6 || total
-------------------------+-------+-------++-------
Melee: Dagger            |    94 |     4 ||    98
       Bite              |    11 |       ||    11
 Cast: Corona            |     1 |       ||     1
       Ensorcelled Hiber |    11 |     1 ||    12
       Confuse           |     1 |       ||     1
 Stab: Sleeping          |    15 |     1 ||    16
  Eat: Chunk             |     2 |       ||     2
Armor: Robe              |    12 |     2 ||    14
Dodge: Dodged            |    55 |     3 ||    58

Table legend:
 A = Spawn XP
 B = Non-spawn XP
 C = Spawn XP percentage of total XP
 D = Spawn monster count
 E = Non-spawn monster count
 F = Spawn count percentage of total count
 G = Total turns spent on level
                    A         B        C        D         E        F      G
               +---------+---------+-------+---------+---------+-------+---------
         Total |       0 |     152 |   0.0 |       0 |      36 |   0.0 |  2117
               +---------+---------+-------+---------+---------+-------+---------
           D:1 |       0 |      35 |   0.0 |       0 |      19 |   0.0 |  1314
           D:2 |       0 |     117 |   0.0 |       0 |      17 |   0.0 |   803
               +---------+---------+-------+---------+---------+-------+---------
